 Dungeon Crawl Stone Soup version 0.29.1-15-g9cfb28693d (webtiles) character file.

Game seed: 4587762653648373229

37 Ast3rio the Grave Robber (level 3, -14/24 HPs)
             Began as a Vampire Necromancer on Mar 14, 2023.
             Demolished by a gnoll
             ... wielding a +0 halberd
              (17 damage)
             ... on level 4 of the Dungeon.
             The game lasted 00:04:26 (1075 turns).

Ast3rio the Grave Robber (Vampire Necromancer)      Turns: 1075, Time: 00:04:27

Health: -14/24     AC:  2    Str:  7    XL:     3   Next: 23%
Magic:  3/6        EV: 12    Int: 19    God:
Gold:   68         SH:  0    Dex: 14    Spells: 5/6 levels left

rFire   . . .      SeeInvis +   k - +2 dagger (venom)
rCold   . . .      Faith    .   (no shield)
rNeg    . . .      Spirit   .   a - +0 robe
rPois   .          Reflect  .   (no helmet)
rElec   .          Harm     .   (no cloak)
rCorr   .          Rampage  .   (no gloves)
Will    .....                   (no boots)
Stlth   ++........              (no amulet)
HPRegen 0.28/turn               (no ring)
MPRegen 0.10/turn               (no ring)

@: lethally poisoned (-14 -> -15), very slightly contaminated, healing quickly
A: alive, fangs 3, see invisible, vampiric 2
a: Exsanguinate


You were on level 4 of the Dungeon.
You visited 1 branch of the dungeon, and saw 3 of its levels.

You collected 68 gold pieces.

Inventory:

Hand Weapons
 k - a +2 dagger of venom (weapon)
Armour
 a - a +0 robe (worn)
Scrolls
 d - a scroll of silence {unknown}
 e - a scroll of summoning {unknown}
 f - a scroll of vulnerability {unknown}
 j - a scroll of amnesia {unknown}
 l - a scroll of magic mapping {unknown}
Potions
 b - 2 potions of magic
 c - a potion of heal wounds {unknown}
 g - a potion of lignification {unknown}
 h - a potion of curing {unknown}
 i - a potion of berserk rage {unknown}


   Skills:
 * Level 0.2 Fighting
 * Level 0.1 Short Blades
 + Level 2.6 Dodging
 + Level 3.7 Stealth
 * Level 2.4 Spellcasting
 * Level 4.7 Necromancy


You had 5 spell levels left.
You knew the following spells:

 Your Spells              Type           Power      Damage    Failure   Level
a - Necrotise             Necr           80%        1d8       2%          1

Your spell library contained the following spells:

 Spells                   Type           Power      Damage    Failure   Level
 Vampiric Draining        Necr           20%        2d7       7%          3
 Sting                    Tmut/Pois      8%         1d3       16%         1
 Animate Dead             Necr           20%        N/A       22%         4
 Ensorcelled Hibernation  Hex/Ice        4%         N/A       24%         2
 Passwall                 Tmut/Erth      1%         N/A       24%         2
 Scorch                   Fire           4%         2d5       24%         2
 Swiftness                Air            2%         N/A       43%         3
 Agony                    Necr           20%        N/A       54%         5
 Flame Wave               Conj/Fire      2%         2d4       85%         4
 Summon Cactus Giant      Summ           1%         N/A       100%        6


Dungeon Overview and Level Annotations

Branches:
Dungeon (4/15)
 Temple: D:4-7

Altars:


Innate Abilities, Weirdness & Mutations

Your natural rate of healing is accelerated.
You have razor-sharp teeth.
You have supernaturally acute eyesight. (SInv)
You are afflicted with vampirism and can become a bat while bloodless.


Message History

Your experience leads to an increase in your attributes!
Increase (S)trength, (I)ntelligence, or (D)exterity?
You feel clever. x2
You can now turn into a vampire bat when bloodless.
Casting: Necrotise (safe; 2% risk of failure)
Confirm with . or Enter, or press ? or * to list all spells.
Aiming: Necrotise (safe; 2% risk of failure)
Press: ? - help, Shift-Dir - straight line, f - adder
Aim: an adder (chance to affect: 84%)
You miscast Necrotise.
You are very lightly contaminated with residual magic.
Nothing appears to happen.
The adder bites you.
You are poisoned.
The adder poisons you!
Unknown command.
Casting: Necrotise (safe; 2% risk of failure)
Confirm with . or Enter, or press ? or * to list all spells.
Aiming: Necrotise (safe; 2% risk of failure)
Press: ? - help, Shift-Dir - straight line, f/p - adder
Aim: an adder (chance to affect: 84%)
The adder writhes in agony!
You feel sick. The adder bites you.
* * * LOW HITPOINT WARNING * * *
Casting: Necrotise (safe; 2% risk of failure)
Confirm with . or Enter, or press ? or * to list all spells.
Aiming: Necrotise (safe; 2% risk of failure)
Press: ? - help, Shift-Dir - straight line, f/p - adder
Aim: an adder (almost dead, chance to affect: 84%)
The adder writhes in agony.
You kill the adder!
The dead are slithering!
You feel sick.
Casting: Necrotise (safe; 2% risk of failure)
Confirm with . or Enter, or press ? or * to list all spells.
You can't see any susceptible monsters within range! (Use Z to cast anyway.) Unknown command.
A gnoll comes into view. It is wielding a +0 club.
You feel sick.
The gnoll shouts!
The gnoll hits you from afar with a +0 halberd!
Ouch! That really hurt!
You die...

##### ######...#
#####.##.#...#
##..##.#......####
#..)..........#..#
##...#...........# # #
<...##.#......>..##.#...
.#..######..............
........#..##..#@Z......
............#..#..g...##
....#..###..##..#......#
....#....# #.. ......#
...##....... ... ....##.
...#......#..... .....#
........#....##. .....g.
.......###..# ## ##..#.#
...>...# .#


You could see 2 gnolls and a friendly adder skeleton.

Vanquished Creatures
  An adder (D:4)
  2 dart slugs
  3 endoplasms (D:1)
  A giant cockroach (D:1)
  A goblin (D:1)
  2 hobgoblins
  3 kobolds
  A quokka (D:1)
  2 ball pythons (D:1)
  3 bats (D:1)
  A frilled lizard (D:1)
  A rat (D:1)
21 creatures vanquished.

Vanquished Creatures (collateral kills)
  A dart slug (D:1)
1 creature vanquished.

Grand Total: 22 creatures vanquished

Notes
Turn   | Place    | Note
-------+----------+-------------------------------------------
     0 | D:1      | Ast3rio the Vampire Necromancer began the quest for the
                  | Orb.
     0 | D:1      | Reached XP level 1. HP: 13/13 MP: 3/3
    74 | D:1      | Reached XP level 2. HP: 8/19 MP: 1/5
   220 | D:1      | Found a faded altar of an unknown god.
   242 | D:1      | Got Plato's Incunabulum of Permutations
   963 | D:2      | You fall into a shaft and drop 2 floors!
  1072 | D:4      | Gained mutation: You are afflicted with vampirism and can
                  | become a bat while bloodless. [Vampire growth]
  1072 | D:4      | Reached XP level 3. HP: 10/24 MP: 6/6
  1075 | D:4      | Demolished by a gnoll

Illustrated notes

Levels and vault maps discovered:
D:1:      psy_arrival_terrarium, layout_rooms,
          shapermc_ecumenical_altar_rom_forum
D:2:      layout_basic, nicolae_elevator_lobby_asterisk
D:4:      layout_cave_pools, vehumet_crystals, slow_altar_1,
          nicolae_overflow_crystal_walls, serial_shops,
          nicolae_shop_bloodbath_and_beyond, kennysheep_little_box

Action                   || total
-------------------------++-------
Melee: Unarmed           ||    17
       Dagger            ||     4
       Bite              ||     2
 Cast: Necrotise         ||    36
Armor: Robe              ||     6
Dodge: Dodged            ||    16
